 Dungeon Crawl Stone Soup version 0.28-a0-726-g4a9143789a (webtiles) character file.

Game seed: 13576146740814949150

51 kae the Sneak (level 3, -11/16 (17) HPs)
             Began as a Spriggan Enchanter on Oct 27, 2021.
             Mangled by Crazy Yiuf (18 damage)
             ... on level 2 of the Dungeon.
             The game lasted 00:01:52 (2838 turns).

kae the Sneak (Spriggan Enchanter)                  Turns: 2838, Time: 00:01:52

HP:   -11/16 (17)   AC:  0    Str:  5    XL:     3   Next: 57%
MP:   7/8           EV: 15    Int: 16    God:
Gold: 107           SH:  0    Dex: 15    Spells: 6/8 levels left

rFire   . . .      SeeInvis +   (weapon currently unavailable)
rCold   . . .      Faith    .   (shield currently unavailable)
rNeg    . . .      Spirit   .   (armour currently unavailable)
rPois   .          Reflect  .   (helmet currently unavailable)
rElec   .          Harm     .   (cloak currently unavailable)
rCorr   .          Rampage  .   (gloves unavailable)
Will    .....                   (boots unavailable)
Stlth   +++.......              (no amulet)
HPRegen 0.05/turn               (ring currently unavailable)
MPRegen 0.11/turn               (ring currently unavailable)

@: brilliant, pig-form, drained, very quick
A: fast, no casting, small, no large weapons, unfitting armour, see invisible,
(speed 3)
a: no special abilities


You were on level 2 of the Dungeon.
You were a filthy swine.
You visited 1 branch of the dungeon, and saw 2 of its levels.

You collected 107 gold pieces.

Inventory:

Hand Weapons
 a - a +1 dagger (melded)
Armour
 b - a +0 robe (melded)
Scrolls
 e - 2 scrolls of identify {unknown}
 f - a scroll of brand weapon {unknown}
 g - a scroll of fear {unknown}
 i - a scroll of teleportation
Potions
 c - a potion of invisibility
 d - a potion of brilliance
 h - a potion of ambrosia {unknown}


   Skills:
 + Level 0.6 Fighting
 * Level 2.4 Short Blades
 + Level 3.0 Dodging
 + Level 4.8 Stealth
 + Level 3.1 Spellcasting
 + Level 3.9 Hexes


You had 6 spell levels left.
You knew the following spells:

 Your Spells              Type           Power      Damage    Failure   Level
a - Ensorcelled Hibernat  Hex/Ice        26%        N/A       12%         2

Your spell library contained the following spells:

 Spells                   Type           Power      Damage    Failure   Level
 Confusing Touch          Hex            22%        N/A       11%         3
 Tukima's Dance           Hex            22%        N/A       11%         3
 Dazzling Flash           Conj/Hex       26%        N/A       24%         3
 Portal Projectile        Hex/Tloc       26%        N/A       24%         3
 Call Canine Familiar     Summ           3%         N/A       50%         3
 Leda's Liquefaction      Hex/Erth       6%         N/A       63%         4


Dungeon Overview and Level Annotations

Branches:
Dungeon (2/15)

Altars:

Shops:
D:2 (

Annotations:
D:2 Crazy Yiuf


Innate Abilities, Weirdness & Mutations

You are a filthy swine.
You move quickly.
Your equipment is almost entirely melded.
You are incapable of wielding weapons or throwing items.
You cannot cast spells.
You are very small and have problems with some larger weapons.
You are too small for most types of armour.
You have supernaturally acute eyesight. (SInv)
((You cover ground extremely quickly. (Speed+++)))


Message History

The fungus is lightly damaged.
A nearby fungus withers and dies.
You hit the fungus.
The fungus begins to die.
The fungus is lightly damaged.
Found a mace.
Found a runed translucent door.
Crazy Yiuf shouts!
You open the door.
Crazy Yiuf says, "Dawk!"
Crazy Yiuf zaps a wand.
You resist with some effort.
There is an open translucent door here.
Casting: Ensorcelled Hibernation (safe; 12% risk of failure)
Confirm with . or Enter, or press ? or * to list all spells.
Aiming: Ensorcelled Hibernation (safe; 12% risk of failure)
Press: ? - help, Shift-Dir - straight line, f - Crazy Yiuf
Aim: Crazy Yiuf, wielding a +2 quarterstaff of chaos, wearing a +0 cloak and carrying a wand of polymorph (7) (chance to affect: 49%) Crazy Yiuf looks drowsy...
Casting: Ensorcelled Hibernation (safe; 12% risk of failure)
Confirm with . or Enter, or press ? or * to list all spells.
You can't see any susceptible monsters within range! (Use Z to cast anyway.)
The helpless Crazy Yiuf fails to defend himself.
You impale Crazy Yiuf!!
Crazy Yiuf is almost dead.
Crazy Yiuf hits you with a +2 quarterstaff of chaos!
You feel drained.
Crazy Yiuf zaps a wand.
You resist with some effort.
There is an open translucent door here.
Crazy Yiuf zaps a wand.
You turn into a filthy swine.
Your +1 dagger melds into your body.
Your +0 robe melds into your body.
You can't do that in your present form.
It was a potion of brilliance.
You feel clever all of a sudden.
Crazy Yiuf zaps a wand.
You hit Crazy Yiuf but do no damage.
Crazy Yiuf is almost dead.
Crazy Yiuf misses you.
You hit Crazy Yiuf but do no damage.
Crazy Yiuf is almost dead.
Crazy Yiuf hits you with a +2 quarterstaff of chaos!!
Ouch! That really hurt!
You die...

#.##.###..........#
#.... #.##.#
############ ##...
..##.# #... ####.#
#.#. #.# ##.. #.#
##### ♣♣#### ### #.#
#)..#♣♣ ♣♣P#..## #.#
#...'g♣♣♣♣.♣....# #.#
#...#♣h.♣...)...# #.#
#####♣♣♣.♣..#.#.######
##.## ♣♣♣♣♣###......##
###...### ##.......
........# #########
#..##.## ###...###
#.#...#.# #..##.##
##.## #.#...#.#
#..##.# #.# #.#...#.#
#.....# #.# #.##.##.#
###.####


You could see Crazy Yiuf.

Vanquished Creatures
  2 adders (D:2)
  A worm (D:2)
  A dart slug (D:2)
  A ball python (D:2)
  2 endoplasms (D:1)
  4 goblins (D:1)
  4 hobgoblins
  2 kobolds
  2 quokkas (D:1)
  4 bats (D:1)
  A frilled lizard (D:1)
  4 rats
28 creatures vanquished.

Vanquished Creatures (others)
  4 fungi (D:2)
4 creatures vanquished.

Grand Total: 32 creatures vanquished

Notes
Turn   | Place    | Note
-------+----------+-------------------------------------------
     0 | D:1      | kae the Spriggan Enchanter began the quest for the Orb.
     0 | D:1      | Reached XP level 1. HP: 9/9 MP: 5/5
    24 | D:1      | You fall into a shaft and drop 1 floor!
    28 | D:2      | Reached XP level 2. HP: 13/13 MP: 6/6
    29 | D:1      | Found a faded altar of an unknown god.
    33 | D:1      | Learned a level 2 spell: Ensorcelled Hibernation
  1319 | D:1      | Reached XP level 3. HP: 11/17 MP: 3/8
  1742 | D:2      | Found Vosegear's Antique Weapon Boutique.
  2819 | D:2      | Found a runed translucent door.
  2820 | D:2      | Noticed Crazy Yiuf
  2838 | D:2      | Mangled by Crazy Yiuf

Illustrated notes

Levels and vault maps discovered:
D:1:      heliophobic_arrival_battle_scene, layout_loops_corners,
          hellmonk_ecumenical_altar_arch_garden
D:2:      layout_loops_corners, serial_shops,
          nicolae_shop_temple_entry_statues_fountains, feat_on_display,
          uniq_crazy_yiuf_cottage

Skill      XL: |  1  2  3 |
---------------+----------+-----
Short Blades   | 2 |  2.4
Spellcasting   | 3 |  3.1
Dodging        | 3 |  3.0
Fighting       | |  0.6
Stealth        | |  4.8
Hexes          | |  3.9

Action                   || total
-------------------------++-------
Melee: Dagger            ||   114
       Unarmed           ||     2
 Cast: Ensorcelled Hiber ||    25
  Use: Scroll            ||     2
       Potion            ||     1
 Stab: Sleeping          ||    21
Armor: Robe              ||     7
Dodge: Dodged            ||    90

Table legend: (Time is in decaauts)
 A = Elapsed time spent in this place.
 B = Non-inter-level travel time spent in this place.
 C = Inter-level travel time spent in this place.
 D = Time resting spent in this place.
 E = Time spent auto-exploring this place.
 F = Levels seen in this place.
 G = Mean time per level.
                   A        B        C        D        E       F      G
               +--------+--------+--------+--------+--------+-----+--------+
         Total |   2219 |   2206 |     13 |    619 |   1316 |   2 | 1109.5 |
       Dungeon |   2219 |   2206 |     13 |    619 |   1316 |   2 | 1109.5 |
               +--------+--------+--------+--------+--------+-----+--------+

Top non-repeatable levels by time:
     D:1: 1302 daAuts
     D:2: 916 daAuts
